AoeStats
← Phil

Arabia

510227834Analyzed
1v1 RM · 24h ago on Sep 30, 2026· 36m 23s· 2 players
Game mode
Random Map
Map size
Tiny (2 player)
Population
200
Speed
Normal
Resources
Standard
Victory
Conquest
Starting age
Dark Age
Ending age
Imperial Age
RankedLock teamsTeams togetherTeam positionsShared explorationLock speedFull tech treeHidden civsTurbo modeCheats
Victory
Defeat
🇺🇸 Tatars · United States
996
+16
🇮🇪 Georgians · Ireland
993
-16
MrUnluckie
10:20 Feudal Age
8:37 Loom
10:49 Double-Bit Axe
20:53 Castle Age
20:08 Wheelbarrow
20:55 Fletching
21:07 Padded Archer Armor
21:13 Scale Barding Armor
21:47 Horse Collar
24:27 Bow Saw
24:13 Gold Mining
24:19 Gold Mining
26:07 Elite Skirmisher
27:30 Bodkin Arrow
30:14 Man-at-Arms
Phil
6:23 Loom
8:46 Feudal Age
9:32 Double-Bit Axe
17:01 Wheelbarrow
17:28 Horse Collar
17:40 Gold Mining
20:15 Castle Age
19:50 Fletching
20:18 Bloodlines
20:57 Bodkin Arrow
22:24 Bow Saw
26:24 Ballistics
26:38 Padded Archer Armor
31:16 Leather Archer Armor
33:09 Heavy Plow
Connection lost

Rejoining the realm…

Still unreachable

The connection could not be restored.

Session expired

The server has moved on; the page needs a fresh start.